 Dungeon Crawl Stone Soup version 0.22-a0-109-gbeb7240 (webtiles) character file.

607 pkoi the Carver (level 7, 0/57 HPs)
             Began as a Minotaur Fighter on Jan 26, 2018.
             Killed by divine providence
             ... invoked by an orc priest
              (14 damage)
             ... on level 4 of the Dungeon.
             The game lasted 00:04:07 (2549 turns).

pkoi the Carver (Minotaur Fighter)                  Turns: 2549, Time: 00:04:08

Health: 0/57       AC:  4    Str: 28    XL:     7   Next: 19%
Magic:  6/6        EV: 11    Int:  5    God:
Gold:   153        SH:  6    Dex:  9    Spells: 6/6 levels left

rFire    . . .     SeeInvis .   l - +0 scimitar
rCold    . . .     Gourm    .   r - +2 buckler
rNeg     . . .     Faith    .   m - +0 troll leather armour {Purgy}
rPois    .         Spirit   .   (helmet unavailable)
rElec    .         Reflect  .   (no cloak)
rCorr    .         Harm     .   (no gloves)
MR       .....                  (no boots)
Stlth    +.........             (no amulet)
HPRegen  0.59/turn              j - +5 ring of strength
MPRegen  0.10/turn              p - ring of wizardry

@: lethally poisoned (0 -> 0)
A: retaliatory headbutt, horns 3, MP-powered wands
a: no special abilities


You were on level 4 of the Dungeon.
You were not hungry.

You visited 1 branch of the dungeon, and saw 4 of its levels.
You also visited: Sewer.

You collected 153 gold pieces.

Inventory:

Hand Weapons
 a - a +0 long sword
 l - a +0 scimitar (weapon)
 t - a +0 blowgun
Missiles
 v - 8 curare-tipped needles
Armour
 b - a +0 scale mail
 m - a +0 troll leather armour (worn) {Purgy}
 r - a +2 buckler (worn)
Jewellery
 j - a +5 ring of strength (left hand)
 p - a ring of wizardry (right hand)
 u - a cursed -2 ring of evasion {unknown}
Scrolls
 c - 3 scrolls of remove curse {unknown}
 h - 5 scrolls of identify {unknown}
 i - 4 scrolls of fear {unknown}
 k - a scroll of noise {unknown}
 n - a scroll of random uselessness {unknown}
 o - 2 scrolls of magic mapping {unknown}
 s - a scroll of blinking {unknown}
 w - 2 scrolls of enchant armour {unknown}
Potions
 d - 2 potions of might
 e - a potion of flight
Comestibles
 f - 7 rations
 g - 5 chunks of flesh


   Skills:
 - Level 3.6 Fighting
 + Level 8.6 Long Blades
 + Level 3.0 Throwing
 - Level 3.6 Armour
 - Level 4.0 Shields


You had 6 spell levels left.
You didn't know any spells.

Dungeon Overview and Level Annotations

Branches:
Dungeon (4/15)             Temple (0/1) D:4

Altars:
Makhleb
Uskayaw
Wu Jian
The Shining One

Annotations:
D:4 Edmund


Innate Abilities, Weirdness & Mutations

You reflexively headbutt those who attack you in melee.
You have a pair of large horns on your head.
You expend magic power (3 MP) to strengthen your wands.


Message History

Unknown command.
You feel sick.
The orc wizard casts a spell.
The orc wizard flickers and vanishes!
Deactivating autopickup; reactivate with Ctrl-A.
You feel sick.
You feel sick.
The orc priest looks braver for a moment.
You feel sick.
You feel sick.
The orc priest calls down the wrath of Beogh upon you.
Beogh smites you!
* * * LOW HITPOINT WARNING * * *
You feel sick.
The orc priest mumbles some strange prayers to Beogh against you.
Pain shoots through your body!
* * * LOW HITPOINT WARNING * * *
The orc priest invokes the aid of Beogh against you.
Beogh smites you!
You die...

.....# #.# ###.....##...# .....#
#.# #.......#...# .....# #)#
###.......#...#
.#'##########.###.'.......'...###
..................#.......#...'..
.######...........#.......#...###
.....##...........##.....##...#
##...##............###+###....###
#...##....oO...@................
##...###o####.###...........#####
.....###.# #.# #...........#####
##.....O.# #.# #...............#
####.#### ##.###...............#
..$.Z...........................'
#....o..).............###.......#
#......≈≈≈≈≈..........# #......|#
.....≈≈≈≈≈≈≈≈≈........# ##......#


You could see an ogre and an orc priest.

Vanquished Creatures
  Purgy (Sewer)
  An ogre (D:4)
  A big kobold (Sewer)
  2 hounds (D:4)
  An orc priest (D:3)
  An iguana (D:4)
  2 orc wizards (D:4)
  2 worker ants (D:4)
  4 adders
  A gnoll (D:1)
  2 oozes (D:1)
  2 worms (D:3)
  4 leopard geckos
  7 orcs
  5 bats
  4 giant cockroaches
  3 goblins
  6 hobgoblins
  9 jackals
  A quokka (D:2)
  5 frilled lizards
  A jackal skeleton (D:4)
  5 kobolds
  15 rats
85 creatures vanquished.

Notes
Turn   | Place    | Note
-------+----------+-------------------------------------------
     0 | D:1      | pkoi the Minotaur Fighter began the quest for the Orb.
     0 | D:1      | Reached XP level 1. HP: 19/19 MP: 0/0
   290 | D:1      | Reached skill level 3 in Long Blades
   290 | D:1      | Reached XP level 2. HP: 26/26 MP: 1/1
   329 | D:1      | Reached skill level 4 in Long Blades
   568 | D:1      | Reached XP level 3. HP: 31/31 MP: 2/2
  1019 | D:2      | Reached skill level 5 in Long Blades
  1023 | D:2      | Gained mutation: You expend magic power (3 MP) to strengthen your wands. [potion of mutation]
  1023 | D:2      | Gained mutation: You have a pair of large horns on your head. [potion of mutation]
  1086 | D:2      | Found a burning altar of Makhleb.
  1237 | D:3      | Found a glowing drain.
  1243 | D:3      | Reached XP level 4. HP: 27/39 MP: 3/3
  1376 | Sewer    | Entered a sewer
  1396 | Sewer    | Noticed Purgy
  1398 | Sewer    | Killed Purgy
  1398 | Sewer    | Reached skill level 6 in Long Blades
  1398 | Sewer    | Reached XP level 5. HP: 43/45 MP: 4/4
  1439 | Sewer    | Reached skill level 7 in Long Blades
  1651 | D:3      | Reached XP level 6. HP: 51/51 MP: 5/5
  1690 | D:3      | Found a glowing golden altar of the Shining One.
  1754 | D:3      | Found a hide-covered altar of Uskayaw.
  1830 | D:3      | Found a faded altar of an unknown god.
  2044 | D:3      | Found an ornate altar of the Wu Jian Council.
  2178 | D:4      | Reached skill level 1 in Throwing
  2238 | D:4      | Noticed Edmund
  2292 | D:4      | Reached skill level 8 in Long Blades
  2493 | D:4      | Reached XP level 7. HP: 49/57 MP: 6/6
  2534 | D:4      | Found a staircase to the Ecumenical Temple.
  2549 | D:4      | Killed from afar by an orc priest

Vault maps used:
D:1:      minmay_arrival_four_loops, minmay_tromino_v4_b
D:2:      bloody_makhleb
D:3:      marbit_many_paths, tso_metal_star, overflow_temple_1_default,
          portal_sewer_entry_a, chequers_ecumenical_altar_simple_redux,
          minmay_misc_feat_plants
D:4:      cheibrodos_pilgrimage, temple_pool_b, kennysheep_flooded_box,
          uniq_edmund
Sewer:    kennysheep_door_sewer

Skill      XL: |  1  2  3  4  5  6  7 |
---------------+----------------------+-----
Long Blades    | 3 4 5 6 7 8 |  8.6
Throwing       | 2 3 |  3.0
Shields        | 4 |  4.0
Fighting       | |  3.6
Armour         | |  3.6

Action                   |  1- 3 |  4- 6 |  7- 9 || total
-------------------------+-------+-------+-------++-------
Melee: Long sword        |    40 |     9 |       ||    49
       Headbutt          |    11 |    21 |     3 ||    35
       Scimitar          |       |   103 |     9 ||   112
  Use: Potion            |     6 |     1 |       ||     7
  Eat: Chunk             |     1 |     4 |       ||     5
Armor: Scale mail        |    10 |     2 |       ||    12
       Troll leather arm |       |    11 |     2 ||    13
Dodge: Dodged            |    12 |    25 |     1 ||    38
Block: Shield            |    19 |       |       ||    19
       Buckler           |     4 |    26 |     2 ||    32
       Rpst.: Long sword |     1 |       |       ||     1
       Scimitar          |       |     5 |     1 ||     6

Table legend:
 A = Spawn XP
 B = Non-spawn XP
 C = Spawn XP percentage of total XP
 D = Spawn monster count
 E = Non-spawn monster count
 F = Spawn count percentage of total count
 G = Total turns spent on level
                    A         B        C        D         E        F      G
               +---------+---------+-------+---------+---------+-------+---------
         Total |       0 |     868 |   0.0 |       0 |      85 |   0.0 |  2549
               +---------+---------+-------+---------+---------+-------+---------
           D:1 |       0 |      41 |   0.0 |       0 |      12 |   0.0 |   598
           D:2 |       0 |      40 |   0.0 |       0 |      16 |   0.0 |   639
           D:3 |       0 |     136 |   0.0 |       0 |      38 |   0.0 |   796
           D:4 |       0 |     407 |   0.0 |       0 |      13 |   0.0 |   368
         Sewer |       0 |     244 |   0.0 |       0 |       6 |   0.0 |   148
               +---------+---------+-------+---------+---------+-------+---------
